 Dungeon Crawl Stone Soup version 0.30.1-11-g7821555f0a (webtiles) character file.

Game seed: 14506080858877198444

196 CaptainMV the Caller (level 5, -11/44 HPs)
             Began as a Naga Wanderer on Nov 6, 2023.
             Was an Initiate of Sif Muna.
             Mangled by an ogre
             ... wielding a +0 giant club
              (28 damage)
             ... on level 4 of the Dungeon on Nov 7, 2023.
             The game lasted 00:27:25 (1969 turns).

CaptainMV the Caller (Naga Wanderer)                Turns: 1969, Time: 00:27:25

Health: -11/44     AC:  4    Str: 14    XL:     5   Next: 74%
Magic:  1/8        EV:  9    Int: 16    God:    Sif Muna [......]
Gold:   132        SH:  0    Dex:  9    Spells: 4/9 levels left

rFire   . . .        a - +3 whip
rCold   . . .        (no shield)
rNeg    . . .        c - +1 robe
rPois   +            (no helmet)
rElec   .            (no cloak)
rCorr   .            q - +0 pair of gloves
SInv    +            (no barding)
Will    .....        (no amulet)
Stlth   +            (no ring)
HPRegen 0.27/turn    (no ring)
MPRegen 0.11/turn

%: no passive effects
@: fire susceptible, very slow
A: AC +1, large, see invisible, deformed body, poison resistance, slowness 2,
spit poison 1, naga tail 1
a: Spit Poison, Renounce Religion


You were on level 4 of the Dungeon.
You worshipped Sif Muna.
Sif Muna was noncommittal.
You visited 1 branch of the dungeon, and saw 4 of its levels.

You collected 132 gold pieces.

Inventory:

Hand Weapons
 a - a +3 whip (weapon)
 h - a +0 club
Missiles
 f - 13 poisoned darts
Armour
 c - a +1 robe (worn)
 q - a +0 pair of gloves (worn)
Wands
 d - a wand of flame (6) (quivered)
Scrolls
 n - a scroll of enchant armour
 p - a scroll of enchant weapon {unknown}
Potions
 e - a potion of lignification {unknown}
 g - 2 potions of degeneration
 i - 2 potions of mutation
 j - a potion of haste {unknown}
 k - 2 potions of flight {unknown}
 l - 2 potions of heal wounds
 o - a potion of cancellation {unknown}
 r - a potion of berserk rage {unknown}


   Skills:
 + Level 1.5 Fighting
 + Level 1.8 Maces & Flails
 + Level 1.0 Throwing
 + Level 1.0 Dodging
 + Level 1.2 Stealth
 + Level 2.5 Spellcasting
 + Level 5.1 Summonings
 + Level 2.2 Translocations
 + Level 1.0 Evocations


You had 4 spell levels left.
You knew the following spells:

 Your Spells              Type           Power      Damage    Failure   Level
a - Summon Small Mammal   Summ           72%        N/A       2%          1
b - Apportation           Tloc           18%        N/A       8%          1
c - Gell's Gravitas       Tloc           9%         N/A       24%         3

Your spell library contained the following spells:

 Spells                   Type           Power      Damage    Failure   Level
 Call Canine Familiar     Summ           18%        N/A       7%          3
 Manifold Assault         Tloc           9%         N/A       61%         4
 Chain Lightning          Conj/Air       1%         3d1       100%        9
 Fire Storm               Conj/Fire      1%         7d1       100%        9
 Shatter                  Erth           1%         3d5*      100%        9


Dungeon Overview and Level Annotations

Branches:
Dungeon (4/15)
 Temple: D:4-7

Altars:
Sif Muna
The Shining One
Ignis

Shops:
D:2 !*((


Innate Abilities, Weirdness & Mutations

Your serpentine skin is tough. (AC +1)
You have supernaturally acute eyesight. (SInv)
Armour fits poorly on your strangely shaped body.
Your system is resistant to poisons. (rPois)
You cover ground very slowly.
You can spit poison.
You have a snake-like lower body.


Message History

The hound barely misses you.
You barely miss the hound.
The hound is almost dead.
The hound bites you but does no damage. The hound misses you.
You closely miss the hound.
The hound is almost dead.
The hound bites you.
* * * LOW HITPOINT WARNING * * *
You closely miss the hound.
The hound is almost dead.
The hound barely misses you. The hound closely misses you.
You whack the hound!
You kill the hound!
Sif Muna accepts your kill.
You see here a hound corpse.
Found 17 gold pieces and a scroll of identify.
Found a club.
b - a scroll of identify You now have 132 gold pieces (gained 10).
As you read the scroll of identify, it crumbles to dust.
i - 2 potions of mutation An ogre comes into view.
It is wielding a +0 giant club.
The ogre shouts!
Casting: Summon Small Mammal (safe; 2% risk of failure)
Confirm with . or Enter, or press ? or * to list all spells.
The spell is quite dangerous to miscast (24% risk of failure)!
Continue anyway?
Aiming: Gell's Gravitas (quite dangerous; 24% risk of failure)
Press: ? - help, Dir - move target Gravity reorients around empty space.
Casting: Gell's Gravitas (quite dangerous; 24% risk of failure)
Confirm with . or Enter, or press ? or * to list all spells.
The spell is quite dangerous to miscast (24% risk of failure)!
Continue anyway?
Aiming: Gell's Gravitas (quite dangerous; 24% risk of failure)
Press: ? - help, Dir - move target Gravity reorients around empty space.
Casting: Gell's Gravitas (quite dangerous; 24% risk of failure)
Confirm with . or Enter, or press ? or * to list all spells.
The ogre hits you with a +0 giant club!!
Ouch! That really hurt!
You die...

#####..# #..#
# #..##.#$##
#.........
#.......##
#.###.....
###.#####.##
#...).....#
###@#######.#
#.O.# #r###
#..# #...
#...≈ ##....
######


You could see an ogre (ally target) and a friendly quokka (summoned).

Vanquished Creatures
  A hound (D:4)
  Jessica (D:3)
  3 gnolls (D:2)
  4 adders
  3 worms
  A dart slug (D:3)
  An orc (D:3)
  6 endoplasms
  2 giant cockroaches (D:2)
  A goblin (D:3)
  5 hobgoblins
  4 jackals
  A quokka (D:3)
  4 ball pythons
  3 frilled lizards
  6 kobolds
  4 rats
50 creatures vanquished.

Vanquished Creatures (collateral kills)
  2 endoplasms
  A giant cockroach (D:1)
  A goblin (D:1)
  5 jackals (D:1)
  A quokka (D:1)
  3 kobolds
13 creatures vanquished.

Vanquished Creatures (others)
  36 foxfires
36 creatures vanquished.

Grand Total: 99 creatures vanquished

Notes
Turn   | Place    | Note
-------+----------+-------------------------------------------
     0 | D:1      | CaptainMV the Naga Wanderer began the quest for the Orb.
     0 | D:1      | CaptainMV set off with the following items: a +0 club, a
                  | scroll of fog, a +0 robe, a wand of flame (6); and the
                  | following spells available to memorise: Summon Small
                  | Mammal, Apportation, Call Canine Familiar, Gell's Gravitas,
                  | Manifold Assault.
     0 | D:1      | Reached XP level 1. HP: 18/18 MP: 2/2
     2 | D:1      | Learned a level 1 spell: Summon Small Mammal
     4 | D:1      | Learned a level 1 spell: Apportation
   174 | D:1      | Reached XP level 2. HP: 3/25 MP: 0/3
   230 | D:1      | Found a faded altar of an unknown god.
   251 | D:1      | Prayed at the altar of an unknown god.
   251 | D:1      | Became a worshipper of Ignis, the Dying Flame
   454 | D:2      | Found Umekhlipn's Antique Weapon Shoppe.
   454 | D:2      | Found Dos Ziep's Antique Weapon Shop.
   468 | D:2      | Found Qasmoligg's Assorted Antiques.
   544 | D:2      | Found Seniu's Distillery.
   594 | D:2      | Reached XP level 3. HP: 11/31 MP: 2/5
   744 | D:2      | Reached XP level 4. HP: 24/38 MP: 6/6
  1087 | D:2      | Found a glowing golden altar of the Shining One.
  1411 | D:3      | Reached skill level 1 in Stealth
  1496 | D:3      | Reached skill level 1 in Maces & Flails
  1496 | D:3      | Reached skill level 5 in Summonings
  1510 | D:3      | Reached XP level 5. HP: 40/44 MP: 5/8
  1518 | D:3      | Reached skill level 1 in Dodging
  1557 | D:3      | Learned a level 3 spell: Gell's Gravitas
  1716 | D:3      | Noticed Jessica
  1725 | D:3      | Killed Jessica
  1729 | D:3      | Found a shimmering blue altar of Sif Muna.
  1763 | D:3      | Fell from the grace of Ignis
  1763 | D:3      | Became a worshipper of Sif Muna the Loreminder
  1901 | D:4      | Noticed an ogre
  1915 | D:4      | HP: 1/44 [frozen (5)]
  1963 | D:4      | Noticed an ogre
  1969 | D:4      | Mangled by an ogre

Illustrated notes

Levels and vault maps discovered:
D:1:      heliophobic_arrival_battle_scene, layout_basic,
          hellmonk_ecumenical_altar_dog_temple
D:2:      layout_basic, basic_altar, serial_shops, shop_statue,
          nicolae_shop_stone, shop, shop, minmay_diced_spiral
D:3:      layout_rooms, tgw_sif
D:4:      layout_basic, mainiacjoe_overflow_paths,
          mainiacjoe_overflow_boulevard, portal_sewer_entry_f

Skill      XL: |  1  2  3  4  5 |
---------------+----------------+-----
Spellcasting   | 2 |  2.5
Stealth        | 1 |  1.2
Maces & Flails | 1 |  1.8
Summonings     | 5 |  5.1
Dodging        | 1 |  1.0
Fighting       | |  1.5
Throwing       | |  1.0
Translocations | |  2.2
Evocations     | |  1.0

Action                     |  1- 3 |  4- 6 || total
---------------------------+-------+-------++-------
  Melee: Club              |    14 |       ||    14
         Whip              |    27 |    54 ||    81
   Cast: Summon Small Mamm |    20 |    16 ||    36
         Gell's Gravitas   |       |    10 ||    10
         Apportation       |       |     1 ||     1
 Invoke: Fiery Armour      |     1 |       ||     1
         Foxfire Swarm     |       |     3 ||     3
Ability: Spit Poison       |    11 |    10 ||    21
    Use: Scroll            |     4 |     7 ||    11
         Potion            |       |     1 ||     1
   Stab: Sleeping          |     1 |       ||     1
 Armour: Robe              |    11 |    21 ||    32
  Dodge: Dodged            |    41 |    46 ||    87
